AoeStats
← jfdsago

Arabian Desert

510718552Analyzed
1v1 RM · 2d ago on Oct 2, 2026· 19m 6s· 2 players
Game mode
Random Map
Map size
Tiny (2 player)
Population
200
Speed
Normal
Resources
Standard
Victory
Conquest
Starting age
Dark Age
Ending age
Imperial Age
RankedLock teamsTeams togetherTeam positionsShared explorationLock speedFull tech treeHidden civsTurbo modeCheats
Victory
Defeat
🇩🇪 Romans · Germany
795
+16
🇹🇼 Vikings · Taiwan
786
-37
jfdsago
4:44 Loom
12:48 Feudal Age
15:16 Man-at-Arms
18:20 Double-Bit Axe
schukchr
7:32 Loom
9:33 Feudal Age
9:45 Man-at-Arms
11:07 Double-Bit Axe
13:19 Scale Mail Armor
19:09 Fletching
Connection lost

Rejoining the realm…

Still unreachable

The connection could not be restored.

Session expired

The server has moved on; the page needs a fresh start.